Map: Lerilak Crest

Players

Toons - Winner!

  • Race: Protoss Protoss
  • League: Platinum

Ironturkey

  • Race: Terran Terran
  • League: Gold

VOD

Have the link to the VOD?

Description

Time

  • Played on: Feb. 5, 2016, 3:16 a.m.
  • Length: 7:18
Show
View Real Time Build Order
Export as new Build Order

Toons Protoss - Winner!

Build Orders:  

Get SALT Encoding   

  12  0:01  Probe (Chrono Boost)  
  13  0:11  Probe (Chrono Boost)  
  14  0:19  Pylon  
  14  0:22  Probe (Chrono Boost)  
  15  0:37  Probe (Chrono Boost)  
  15  0:42  Gateway  
  16  0:48  Probe (Chrono Boost)  
  17  0:58  Probe (Chrono Boost)  
  18  1:09  Probe (Chrono Boost)  
  19  1:14  Assimilator  
  19  1:22  Probe (Chrono Boost)  
  19  1:24  Pylon  
  20  1:29  Cybernetics Core  
  20  1:30  Zealot (Chrono Boost)  
  22  1:40  Gateway  
  22  1:47  Probe  
  25  1:54  Zealot (Chrono Boost)  
  25  2:03  Probe  
  26  2:08  Warp Gate  
  26  2:15  Assimilator, Probe  
  27  2:34  Adept (Chrono Boost)  
  31  2:40  Adept (Chrono Boost)  
  31  2:41  Nexus  
  31  2:57  Pylon  
  31  3:15  Adept (Chrono Boost), Probe  
  32  3:27  Probe  
  32  3:34  Stalker (Chrono Boost)  
  33  3:39  Gateway, Probe  
  33  3:41  Pylon  
  34  3:51  Probe  
  35  3:58  Pylon  
  35  4:09  Probe  
  35  4:10  Probe  
  37  4:18  Stargate  
  37  4:21  Probe  
  37  4:23  Probe  
  39  4:25  Pylon  
  39  4:40  Probe  
  42  4:45  Mothership Core  
  42  4:49  Stalker  
  42  4:50  Stalker x2  
  48  4:57  Probe  
  47  5:03  Forge  
  47  5:07  Probe  
  48  5:10  Pylon  
  48  5:15  Stalker x3  
  48  5:21  Oracle  
  51  5:28  Probe  
  51  5:30  Probe  
  51  5:42  Probe  
  51  5:44  Probe  
  53  5:53  Probe, Photon Cannon  
  53  5:56  Probe  
  55  6:03  Probe  
  55  6:04  Assimilator  
  55  6:08  Probe  
  55  6:27  Stalker x3  
  61  6:33  Probe  
  61  6:34  Oracle  
  61  6:35  Probe  
  66  6:57  Probe, Stalker, Zealot x2  
  66  6:58  Probe  
  66  7:00  Assimilator  
  71  7:14  Nexus  
Show
View Real Time Build Order
Export as new Build Order

Ironturkey Terran 

Build Orders:  

Get SALT Encoding   

  12  0:01  SCV  
  13  0:13  SCV  
  14  0:25  Supply Depot, SCV  
  15  0:37  Refinery  
  15  0:46  SCV  
  15  0:49  Barracks  
  16  1:13  SCV  
  17  1:25  SCV  
  18  1:32  Refinery  
  18  1:36  Barracks  
  18  1:37  SCV  
  18  1:38  Barracks  
  19  1:43  Supply Depot  
  19  1:49  SCV  
  19  1:51  Reaper  
  21  2:03  SCV  
  22  2:17  SCV  
  23  2:23  Reaper  
  23  2:25  Factory  
  24  2:33  Reaper  
  25  2:42  Reaper  
  25  2:43  SCV  
  27  2:58  Reaper  
  28  3:00  SCV  
  29  3:12  SCV  
  30  3:32  Reaper  
  31  3:35  Orbital Command  
  31  3:38  Supply Depot  
  31  3:57  Reaper  
  31  4:00  Reaper  
  32  4:04  Reaper  
  33  4:25  SCV  
  33  4:29  Reaper  
  35  4:32  Reaper  
  35  4:36  Reaper  
  37  4:41  Factory Tech Lab  
  37  4:46  Starport  
  37  5:01  Reaper  
  36  5:15  Command Center  
  35  5:31  Liberator  
  34  5:40  Barracks Tech Lab x2, Barracks Reactor  
  35  5:54  SCV  
  36  6:06  SCV  
  37  6:14  Liberator  
  37  6:18  SCV  
  37  6:21  Command Center  
  36  6:28  Marine x2  
  36  6:29  Marauder x2  
  36  6:30  SCV  
  45  6:34  SCV  
  45  6:38  Refinery x2  
  45  6:43  SCV  
  45  6:46  Marine, SCV  
  42  6:50  Marauder  
  42  6:55  SCV  
  42  6:58  SCV  
Tags
 
Add a new tag
Caveats
  • Supply blocks, unpowered buildings, or Contaminate may cause inaccurate times.
  • Supply counts are checked every 10 seconds.